AoeStats
← Fries

African Clearing

510344618Analyzed
4v4 RM · 2d ago on Sep 30, 2026· 40m 50s· 8 players
Game mode
Random Map
Map size
Large (8 player)
Population
200
Speed
Normal
Resources
Standard
Victory
Conquest
Starting age
Dark Age
Ending age
Imperial Age
RankedLock teamsTeams togetherTeam positionsShared explorationLock speedFull tech treeHidden civsTurbo modeCheats
Victory
Defeat
🇨🇳 Aztecs · China
1715
+11
🇨🇿 Goths · Czechia
1710
+11
🇷🇺 Khitans · Russia
1655
+13
🇹🇼 Bohemians · Taiwan
1583
+16
🇫🇷 Sicilians · France
1729
-18
🇫🇷 Lithuanians · France
1627
-14
🇫🇷 Wu · France
1580
-12
🇫🇷 Hindustanis · France
1432
-7
______小小的蓝天
13:07 Feudal Age
16:47 Castle Age
15:13 Double-Bit Axe
16:22 Fletching
17:08 Crossbowman
18:22 Loom
22:42 Bodkin Arrow
24:01 Ballistics
25:33 Padded Archer Armor
26:53 Wheelbarrow
27:14 Gold Mining
27:35 Bow Saw
33:03 Imperial Age
30:42 Stone Mining
30:47 Town Watch
32:01 Hand Cart
32:41 Leather Archer Armor
33:15 Arbalester
34:44 Bracer
36:05 Chemistry
38:50 Gold Shaft Mining
38:00 Horse Collar
40:22 Conscription
39:34 Elite Skirmisher
41:07 Scale Mail Armor
41:17 Forging
41:24 Town Patrol
Franczesco
4:33 Loom
13:49 Feudal Age
17:35 Castle Age
16:20 Scale Mail Armor
16:30 Double-Bit Axe
16:36 Gold Mining
17:58 Forging
17:14 Man-at-Arms
18:41 Long Swordsman
20:09 Pikeman
20:49 Squires
21:52 Squires
27:46 Chain Mail Armor
31:10 Wheelbarrow
34:53 Iron Casting
39:53 Imperial Age
40:11 Hand Cart
39:57 Two-Handed Swordsman
SiraZaika
9:05 Loom
12:14 Feudal Age
12:48 Town Watch
13:14 Double-Bit Axe
16:09 Forging
20:42 Scale Barding Armor
23:16 Castle Age
21:25 Domestication
24:47 Iron Casting
24:56 Husbandry
33:13 Chain Barding Armor
35:12 Wheelbarrow
34:40 Gold Mining
37:41 Fletching
39:25 Bodkin Arrow
Fries
4:54 Loom
12:26 Feudal Age
17:33 Castle Age
16:31 Double-Bit Axe
24:01 Horse Collar
25:54 Wheelbarrow
29:48 Fervor
30:12 Hand Cart
35:51 Imperial Age
35:41 Chemistry
34:42 Town Watch
35:55 Wagenburg Tactics
37:28 Ballistics
37:47 Sanctity
38:42 Conscription
-2n+2q
10:46 Loom
13:20 Feudal Age
14:23 Double-Bit Axe
18:07 Castle Age
17:01 Horse Collar
19:10 Bow Saw
30:56 Wheelbarrow
38:00 Imperial Age
36:40 Heavy Plow
37:11 Scale Mail Armor
37:21 Forging
38:30 First Crusade
38:51 Chain Mail Armor
39:41 Iron Casting
Daniel Chassagnez
10:25 Loom
13:02 Feudal Age
16:43 Castle Age
14:49 Double-Bit Axe
14:46 Horse Collar
17:40 Bow Saw
21:02 Wheelbarrow
21:35 Town Watch
24:44 Hand Cart
26:51 Gold Mining
28:23 Fletching
28:44 Padded Archer Armor
31:17 Imperial Age
29:09 Town Patrol
29:23 Bodkin Arrow
29:52 Ballistics
30:04 Thumb Ring
30:33 Leather Archer Armor
32:02 Bracer
32:32 Ring Archer Armor
33:06 Chemistry
33:12 Bloodlines
33:02 Husbandry
33:16 Heavy Cavalry Archer
36:28 Stone Mining
37:43 Town Patrol
39:01 Gold Shaft Mining
RoRo_FleXx
11:13 Loom
13:34 Feudal Age
18:03 Castle Age
16:16 Horse Collar
16:21 Double-Bit Axe
16:27 Horse Collar
17:19 Forging
17:09 Scale Mail Armor
27:59 Scale Mail Armor
29:48 Iron Casting
30:07 Squires
37:44 Chain Mail Armor
39:21 Gold Mining
39:43 Bow Saw
39:34 Heavy Plow
[FrCo] ClemoL
6:15 Loom
12:33 Feudal Age
14:11 Double-Bit Axe
17:07 Castle Age
16:43 Horse Collar
17:11 Scale Barding Armor
19:23 Bow Saw
20:21 Wheelbarrow
21:21 Forging
26:05 Chain Barding Armor
Connection lost

Rejoining the realm…

Still unreachable

The connection could not be restored.

Session expired

The server has moved on; the page needs a fresh start.